 Dungeon Crawl Stone Soup version 0.21.1-1-g345015fe64 (webtiles) character file.

81 KingHarkinian the Chopper (level 4, -2/41 HPs)
             Began as a Minotaur Berserker on Apr 14, 2018.
             Was a Believer of Trog.
             Shot with an arrow by a centaur (9 damage)
             ... on level 3 of the Dungeon.
             The game lasted 00:05:41 (1048 turns).

KingHarkinian the Chopper (Minotaur Berserker)      Turns: 1048, Time: 00:05:42

Health: -2/41      AC:  8    Str: 22    XL:     4   Next: 20%
Magic:  3/3        EV:  8    Int:  4    God:    Trog [**....]
Gold:   164        SH:  0    Dex: 10    Spells: 3/3 levels left

rFire    . . .     SeeInvis .   a - +0 hand axe
rCold    + . .     Gourm    .   (no shield)
rNeg     . . .     Faith    .   l - +0 chain mail
rPois    .         Spirit   .   (helmet restricted)
rElec    .         Reflect  .   (no cloak)
rCorr    .         Harm     .   (no gloves)
MR       .....                  (no boots)
Stlth    ..........             (no amulet)
HPRegen  0.13/turn              k - ring of protection from cold
MPRegen  0.08/turn              (no ring)

@: no status effects
A: retaliatory headbutt, horns 2
a: Berserk, Trog's Hand, Burn Spellbooks, Renounce Religion


You were on level 3 of the Dungeon.
You worshipped Trog.
Trog was pleased with you.
You were hungry.

You visited 1 branch of the dungeon, and saw 3 of its levels.

You collected 164 gold pieces.

Inventory:

Hand Weapons
 a - a +0 hand axe (weapon)
Missiles
 e - 59 stones (quivered)
Armour
 b - a +0 animal skin
 f - a +0 leather armour
 l - a +0 chain mail (worn)
Jewellery
 k - a ring of protection from cold (left hand)
Scrolls
 j - a scroll of noise
 m - 3 scrolls of remove curse
 n - a scroll of identify
 p - a scroll of amnesia {unknown}
 q - a scroll of immolation {unknown}
Potions
 g - a potion of haste
Comestibles
 c - 6 rations


   Skills:
 + Level 4.5 Fighting
 * Level 5.4 Axes
 - Level 2.4 Armour
 - Level 2.1 Dodging


You had 3 spell levels left.
You didn't know any spells.

Dungeon Overview and Level Annotations

Branches:
Dungeon (3/15)

Altars:
Fedhas
Kikubaaqudgha
Vehumet
The Shining One


Innate Abilities, Weirdness & Mutations

You reflexively headbutt those who attack you in melee.
You have a pair of horns on your head.


Message History

The centaur shoots an arrow.
The arrow hits you!
* * * LOW HITPOINT WARNING * * *
You see here an arrow.
You are too injured to fight recklessly!
You are too injured to fight recklessly!
You hit the dart slug but do no damage.
You kill the dart slug!
Trog accepts your kill.
The centaur shoots an arrow.
The arrow hits you.
* * * LOW HITPOINT WARNING * * *
The centaur shoots an arrow.
The arrow closely misses you.
You hear an angry hiss.
A giant cockroach comes into view.
You see here a dart slug corpse.
You hit the giant cockroach but do no damage.
You headbutt the giant cockroach, but do no damage.
The centaur shoots an arrow.
The arrow closely misses you.
The giant cockroach bites you but does no damage.
The centaur shoots an arrow.
The arrow hits you!
You die...

..(.# #
#.#.##.#
#....#.# ..
##<.....#
....#.......###
...............
....###(..#.###
..c.....(.## #
#.#######@# #
#s# #.# ... #.#
#.. #.. ...


You could see a centaur and a giant cockroach.

Vanquished Creatures
  2 adders (D:2)
  An ooze (D:2)
  2 worms (D:2)
  2 dart slugs
  A leopard gecko (D:2)
  5 goblins
  4 hobgoblins
  8 jackals
  9 kobolds
  A quokka (D:2)
  3 bats (D:1)
  4 frilled lizards
  3 rats
45 creatures vanquished.

Notes
Turn   | Place    | Note
-------+----------+-------------------------------------------
     0 | D:1      | KingHarkinian the Minotaur Berserker began the quest for the Orb.
     0 | D:1      | Reached XP level 1. HP: 19/19 MP: 0/0
     8 | D:1      | Reached skill level 4 in Axes
    28 | D:1      | Reached XP level 2. HP: 27/27 MP: 1/1
   515 | D:2      | Reached XP level 3. HP: 33/33 MP: 2/2
   557 | D:2      | Reached ** piety under Trog
   648 | D:2      | Reached skill level 5 in Axes
   698 | D:2      | Found a radiant altar of Vehumet.
   717 | D:2      | Reached XP level 4. HP: 28/41 MP: 3/3
   761 | D:2      | Found a glowing golden altar of the Shining One.
   854 | D:2      | Found a blossoming altar of Fedhas.
   961 | D:2      | Found an ancient bone altar of Kikubaaqudgha.
  1044 | D:3      | Noticed a centaur
  1048 | D:3      | Shot with an arrow by a centaur

Skill      XL: |  1  2  3 |
---------------+----------+-----
Axes           | 4 5 |  5.4
Fighting       | 4 |  4.5
Armour         | |  2.4
Dodging        | |  2.1

Action                   |  1- 3 |  4- 6 || total
-------------------------+-------+-------++-------
Melee: Hand axe          |   103 |    10 ||   113
       Headbutt          |    10 |     2 ||    12
Throw: Stone             |     6 |     1 ||     7
Invok: Berserk           |     1 |       ||     1
  Use: Scroll            |       |     6 ||     6
  Eat: Chunk             |       |     1 ||     1
Armor: Leather armour    |     3 |       ||     3
       Chain mail        |    24 |     4 ||    28
       Animal skin       |     1 |       ||     1
Dodge: Dodged            |    65 |     9 ||    74
